 Dungeon Crawl Stone Soup version 0.21.1-1-g345015f (webtiles) character file.

72 tidbits the Sneak (level 4, 32/32 HPs)
             Began as a Gnoll Enchanter on June 12, 2018.
             Quit the game in the Ecumenical Temple.
             The game lasted 00:07:17 (756 turns).

tidbits the Sneak (Gnoll Enchanter)                  Turns: 756, Time: 00:07:17

Health: 32/32      AC:  2    Str: 10    XL:     4   Next: 26%
Magic:  11/11      EV: 15    Int: 19    God:
Gold:   168        SH:  0    Dex: 15    Spells: 4/13 levels left

rFire    . . .     SeeInvis .   a - +1 dagger
rCold    . . .     Gourm    .   (no shield)
rNeg     + . .     Faith    .   e - +0 robe
rPois    .         Spirit   .   (no helmet)
rElec    .         Reflect  .   (no cloak)
rCorr    .         Harm     .   (no gloves)
MR       .....                  (no boots)
Stlth    +++.......             (no amulet)
HPRegen  0.10/turn              l - ring of positive energy
MPRegen  0.12/turn              (no ring)

@: no status effects
A: distributed training, fangs 1, strong nose
a: no special abilities


You were in the Ecumenical Temple.
You were not hungry.

You visited 2 branches of the dungeon, and saw 6 of its levels.

You collected 168 gold pieces.

Inventory:

Hand Weapons
 a - a +1 dagger (weapon)
 b - a +0 hand axe of electrocution
   (You took it off an orc on level 3 of the Dungeon)
Missiles
 h - 11 tomahawks (quivered)
 j - 7 needles of frenzy
 q - 39 stones
 r - 19 sling bullets
 s - 17 arrows
Armour
 e - a +0 robe (worn)
Jewellery
 l - a ring of positive energy (left hand)
   (You found it on level 3 of the Dungeon)
Wands
 p - a wand of digging (12)
Scrolls
 f - 2 scrolls of identify {unknown}
 g - a scroll of teleportation {unknown}
 i - a scroll of fear {unknown}
 k - a scroll of magic mapping {unknown}
 o - a scroll of immolation {unknown}
Potions
 m - a potion of agility
 n - a potion of berserk rage {unknown}
Books
 c - a book of Maledictions

   Spells                             Type                      Level
   a - Corona                         Hexes                        1
   b - Ensorcelled Hibernation        Hexes/Ice                    2
   c - Confuse                        Hexes                        3
   d - Tukima's Dance                 Hexes                        3
   e - Dazzling Spray                 Conjuration/Hexes            3
Comestibles
 d - 5 rations


   Skills:
 + Level 1.0 Fighting
 + Level 2.7 Short Blades
 + Level 1.0 Long Blades
 + Level 1.0 Axes
 + Level 1.0 Maces & Flails
 + Level 1.0 Polearms
 + Level 1.0 Staves
 + Level 1.0 Slings
 + Level 1.0 Bows
 + Level 1.0 Crossbows
 + Level 1.0 Throwing
 + Level 1.0 Armour
 + Level 4.6 Dodging
 + Level 6.0 Stealth
 + Level 1.0 Shields
 + Level 1.0 Unarmed Combat
 + Level 5.0 Spellcasting
 + Level 0.8 Conjurations
 + Level 5.4 Hexes
 + Level 0.8 Charms
 + Level 0.8 Summonings
 + Level 0.8 Necromancy
 + Level 0.8 Translocations
 + Level 0.8 Transmutations
 + Level 0.8 Fire Magic
 + Level 0.8 Ice Magic
 + Level 0.8 Air Magic
 + Level 0.8 Earth Magic
 + Level 0.8 Poison Magic
 + Level 1.1 Invocations
 + Level 1.0 Evocations


You had 4 spell levels left.
You knew the following spells:

 Your Spells              Type           Power        Failure   Level  Hunger
a - Corona                Hex            ####...      1%          1    None
c - Confuse               Hex            ####....     3%          3    ##.....
d - Dazzling Spray        Conj/Hex       ###...       10%         3    ##.....
e - Ensorcelled Hibernat  Hex/Ice        ###...       4%          2    #......


Dungeon Overview and Level Annotations

Branches:
Dungeon (5/15)             Temple (1/1) D:5

Altars:
Ashenzari
Dithmenos
Elyvilon
Fedhas
Gozag
Hepliaklqana
Kikubaaqudgha
Makhleb
Nemelex Xobeh
Okawaru
Qazlal
Ru
Trog
Wu Jian
Xom
The Shining One

Annotations:
D:3 Cryoshakespeare's ghost, amateur DsGl


Innate Abilities, Weirdness & Mutations

Your experience applies equally to all skills.
You have very sharp teeth.
Your uncanny sense of smell can sniff out nearby items.


Message History

The kobold closely misses you.
You closely miss the kobold. You bite the kobold, but do no damage.
The kobold is moderately wounded.
The kobold barely misses you.
You hit the kobold.
The kobold is heavily wounded.
The kobold completely misses you.
The kobold hits you with an enchanted dagger.
* * * LOW HITPOINT WARNING * * *
You hit the kobold. Lightning courses through the kobold!
You kill the kobold!
Found 11 gold pieces.
Items here: $ ( ) † an enchanted dagger; 39 stones; 12 gold pieces; a kobold corpse
q - 39 stones You now have 145 gold pieces (gained 12).
You see here 19 sling bullets.
r - 19 sling bullets You see here 11 gold pieces.
You now have 156 gold pieces (gained 11).
Found a ring mail.
There is a stone staircase leading down here.
You climb downwards.
Found 17 arrows.
There is a stone staircase leading up here.
Unknown command.
Your +0 hand axe of electrocution stops crackling.
a - a +1 dagger (weapon)
Found a stone staircase leading up.
You see here 17 arrows.
s - 17 arrows
There is a stone staircase leading up here.
You climb upwards.
Level annotation: Cryoshakespeare's ghost, amateur DsGl
There is a stone staircase leading down here.
Unknown command.
You climb downwards.
There is a stone staircase leading up here.
Unknown command.
There is a stone staircase leading up here.
Found 8 gold pieces.
You see here 8 gold pieces.
You now have 164 gold pieces (gained 8).
Found 8 needles of confusion.
You see here 8 needles of confusion.
Found a stone staircase leading up and a stone staircase leading down.
There is a stone staircase leading up here.
You climb upwards.
Level annotation: Cryoshakespeare's ghost, amateur DsGl
Found a club.
There is a stone staircase leading down here.
Unknown command.
You climb downwards.
There is a stone staircase leading up here.
Unknown command.
Found 10 gold pieces.
There is a stone staircase leading down here.
You climb downwards.
Found a scroll labeled FIP IG UBOICW, 2 rations and 4 gold pieces.
There is a stone staircase leading up here.
Unknown command.
An ooze comes into view.
Found a staircase to the Ecumenical Temple and a stone staircase leading down.
You see here a scroll labeled FIP IG UBOICW.
f - 2 scrolls labeled FIP IG UBOICW (gained 1)
You see here a ration.
d - 4 rations (gained 1)
You see here 4 gold pieces.
You now have 168 gold pieces (gained 4).
Found a ration.
You see here a ration.
d - 5 rations (gained 1)
A crimson imp comes into view.
There is a fountain of clear blue water here.
The crimson imp shouts!
The crimson imp blinks!
There is a staircase to the Ecumenical Temple here.
You climb downwards.
Welcome to the Ecumenical Temple!
There is a staircase back to the Dungeon here.
Unknown command.
Found a shattered altar of Ashenzari.
Found a burning altar of Makhleb.
Found a stormy altar of Qazlal.
Found a shimmering altar of Xom.
Found a hazy altar of Hepliaklqana.
Found a bloodstained altar of Trog.
There is a hazy altar of Hepliaklqana here.
Found an iron altar of Okawaru.
Found an opulent altar of Gozag.
Found an ancient bone altar of Kikubaaqudgha.
Found a glowing golden altar of the Shining One.
There is an ancient bone altar of Kikubaaqudgha here.
Found a shadowy altar of Dithmenos.
There is a glowing golden altar of the Shining One here.
Found an ornate altar of the Wu Jian Council.
Found a sacrificial altar of Ru.
Found a blossoming altar of Fedhas.
There is a sacrificial altar of Ru here.
Found a sparkling altar of Nemelex Xobeh.
Are you sure you want to abandon this character and quit the game? (Confirm with "yes".)

_.......###......._...#
....#####......≈......#
..###......._.........#
###......#......#######
......_.......###.....#
...≈......#####.......#
_.......###......._...#
....#####......#......#
..###......._...@.....#
.##.............#######
......_.......###
...#......#####
_.......### ....#####
..### ###


There were no monsters in sight!

Vanquished Creatures
  An orc priest (D:3)
  An adder (D:2)
  An ooze (D:2)
  A dart slug (D:2)
  3 orcs (D:3)
  4 bats
  2 goblins (D:2)
  4 hobgoblins
  2 jackals (D:2)
  A kobold (D:3)
  A frilled lizard (D:2)
  4 rats
25 creatures vanquished.

Notes
Turn   | Place    | Note
-------+----------+-------------------------------------------
     0 | D:1      | tidbits the Gnoll Enchanter began the quest for the Orb.
     0 | D:1      | Reached XP level 1. HP: 13/13 MP: 6/6
   102 | D:2      | Reached XP level 2. HP: 17/19 MP: 7/7
   110 | D:2      | Learned a level 2 spell: Ensorcelled Hibernation
   222 | D:3      | Reached XP level 3. HP: 12/25 MP: 1/9
   227 | D:3      | Learned a level 3 spell: Confuse
   231 | D:3      | Learned a level 3 spell: Dazzling Spray
   245 | D:3      | Reached skill level 6 in Stealth
   245 | D:3      | Reached skill level 5 in Spellcasting
   245 | D:3      | Reached skill level 1 in Invocations
   246 | D:3      | Noticed Cryoshakespeare's ghost (amateur DsGl)
   274 | D:3      | Reached skill level 1 in Fighting
   274 | D:3      | Reached skill level 1 in Long Blades
   274 | D:3      | Reached skill level 1 in Axes
   274 | D:3      | Reached skill level 1 in Maces & Flails
   274 | D:3      | Reached skill level 1 in Polearms
   274 | D:3      | Reached skill level 1 in Staves
   274 | D:3      | Reached skill level 1 in Slings
   274 | D:3      | Reached skill level 1 in Bows
   274 | D:3      | Reached skill level 1 in Crossbows
   274 | D:3      | Reached skill level 1 in Throwing
   274 | D:3      | Reached skill level 1 in Armour
   274 | D:3      | Reached skill level 1 in Shields
   274 | D:3      | Reached skill level 1 in Unarmed Combat
   274 | D:3      | Reached skill level 1 in Evocations
   293 | D:3      | Reached XP level 4. HP: 7/32 MP: 1/11
   431 | D:3      | Found a white marble altar of Elyvilon.
   663 | D:5      | Entered Level 5 of the Dungeon
   664 | D:5      | Found a staircase to the Ecumenical Temple.
   685 | Temple   | Entered the Ecumenical Temple
   756 | Temple   | Quit the game

Skill      XL: |  1  2  3 |
---------------+----------+-----
Stealth        | 6 |  6.0
Spellcasting   | 5 |  5.0
Invocations    | 1 |  1.1
Fighting       | 1 |  1.0
Long Blades    | 1 |  1.0
Axes           | 1 |  1.0
Maces & Flails | 1 |  1.0
Polearms       | 1 |  1.0
Staves         | 1 |  1.0
Slings         | 1 |  1.0
Bows           | 1 |  1.0
Crossbows      | 1 |  1.0
Throwing       | 1 |  1.0
Armour         | 1 |  1.0
Shields        | 1 |  1.0
Unarmed Combat | 1 |  1.0
Evocations     | 1 |  1.0
Short Blades   | |  2.7
Dodging        | |  4.6
Conjurations   | |  0.8
Hexes          | |  5.4
Charms         | |  0.8
Summonings     | |  0.8
Necromancy     | |  0.8
Translocations | |  0.8
Transmutations | |  0.8
Fire Magic     | |  0.8
Ice Magic      | |  0.8
Air Magic      | |  0.8
Earth Magic    | |  0.8
Poison Magic   | |  0.8

Action                   |  1- 3 |  4- 6 || total
-------------------------+-------+-------++-------
Melee: Dagger            |    26 |     2 ||    28
       Bite              |     2 |     3 ||     5
       Hand axe          |       |    27 ||    27
Throw: Tomahawk          |     7 |       ||     7
 Cast: Corona            |     5 |     3 ||     8
       Ensorcelled Hiber |    10 |       ||    10
  Use: Potion            |     4 |       ||     4
 Stab: Sleeping          |     7 |     1 ||     8
Armor: Robe              |     5 |     6 ||    11
Dodge: Dodged            |    28 |    18 ||    46

Table legend:
 A = Turns spent in this place as a percentage of turns spent in the entire game.
 B = Non-inter-level travel turns spent in this place as a percentage of non-inter-level travel turns spent in the entire game.
 C = Inter-level travel turns spent in this place as a percentage of turns spent in this place.
 D = Turns resting spent in this place as a percentage of non-inter-level travel turns spent in this place.
 E = Turns spent auto-exploring this place as a percentage of non-inter-level travel turns spent in this place.
 F = Non-inter-level travel turns spent in this place divided by the number of levels of this place that you've seen.
                   A       B       C       D       E      F
               +-------+-------+-------+-------+-------+----------------------
         Total | 100.0 | 100.0 |   0.0 |   0.0 |   0.0 | 126.0
       Dungeon |  90.6 |  90.6 |   0.0 |   0.0 |   0.0 | 137.0
        Temple |   9.4 |   9.4 |   0.0 |   0.0 |   0.0 |  71.0
               +-------+-------+-------+-------+-------+----------------------

Table legend:
 A = Kills in this place as a percentage of kills in entire the game.
 B = Kills by you in this place as a percentage of kills by you in the entire game.
 C = Kills by friends in this place as a percentage of kills by friends in the entire game.
 D = Other kills in this place as a percentage of other kills in the entire game.
 E = Experience gained in this place as a percentage of experience gained in the entire game.
 F = Experience gained in this place divided by the number of levels of this place that you have seen.
                   A       B       C       D       E      F
               +-------+-------+-------+-------+-------+----------------------
         Total | 100.0 | 100.0 |   N/A |   N/A | 100.0 |  17.3
       Dungeon | 100.0 | 100.0 |   N/A |   N/A | 100.0 |  20.8
               +-------+-------+-------+-------+-------+----------------------

Vault maps used:
D:1:      lemuel_arrival_funnel
D:3:      lemuel_doored_altar
D:4:      lemuel_round_altar, first_ration, uniq_grinder, uniq_blork_the_orc
D:5:      cheibriados_altar_1, minmay_temple_entry_junction_2, basic_altar,
          tso_altar, uniq_pikel
Temple:   regret_index_temple_waves
